 Dungeon Crawl Stone Soup version 0.30-a0-852-g08b95dd62f (webtiles) character file.

Game seed: 16420137307541223826

70 Firecrotchwizard the Chopper (level 4, -8/41 HPs)
             Began as a Hill Orc Monk on Mar 5, 2023.
             Mangled by a gnoll
             ... wielding a +0 flail
              (10 damage)
             ... on level 3 of the Dungeon.
             The game lasted 00:02:48 (1056 turns).

Firecrotchwizard the Chopper (Hill Orc Monk)        Turns: 1056, Time: 00:02:49

Health: -8/41      AC: 12    Str: 15    XL:     4   Next: 22%
Magic:  4/4        EV: 10    Int: 10    God:
Gold:   100        SH:  0    Dex: 13    Spells: 3/3 levels left

rFire   . . .      SeeInvis +    a - +0 hand axe
rCold   . . .      Faith    .    (no shield)
rNeg    . . .      Spirit   .    l - +3 scale mail
rPois   .          Reflect  .    m - +0 helmet
rElec   .          Rampage  .    (no cloak)
rCorr   .                        g - +0 pair of gloves
Will    .....                    f - +0 pair of boots Stlth
                                 (no amulet)
HPRegen 0.26/turn                V - ring of see invisible {sInv, !d}
MPRegen 0.09/turn                (no ring)

@: no status effects
A: no striking features
a: no special abilities


You were on level 3 of the Dungeon.
You visited 1 branch of the dungeon, and saw 4 of its levels.

You collected 100 gold pieces.

Inventory:

Hand Weapons
 a - a +0 hand axe (weapon)
Missiles
 i - 2 boomerangs
 k - 3 poisoned darts
 s - 17 stones (quivered)
Armour
 b - a +0 robe
 d - a +0 leather armour
   (You found it on level 1 of the Dungeon)
 f - a +0 pair of boots (worn)
   (You found it on level 2 of the Dungeon)
 g - a +0 pair of gloves (worn)
   (You found it on level 2 of the Dungeon)
 l - a +3 scale mail (worn)
   (You took it off an orc on level 3 of the Dungeon)
 m - a +0 helmet (worn)
   (You found it on level 3 of the Dungeon)
Jewellery
 c - a ring of ice {rC+, rF-}
   (You found it on level 2 of the Dungeon)
 V - a ring of see invisible (left hand) {sInv, !d}
   (You found it on level 1 of the Dungeon)
Wands
 j - a wand of polymorph (7)
   (You took it off Ijyb on level 3 of the Dungeon)
Scrolls
 e - 2 scrolls of identify {unknown}
 h - 3 scrolls of fog {unknown}
 o - a scroll of poison {unknown}
Potions
 n - a potion of might {unknown}
 G - a potion of ambrosia {!q}


   Skills:
 + Level 4.3 Fighting
 * Level 5.4 Axes
 + Level 1.7 Armour
 - Level 2.4 Dodging
 - Level 1.5 Stealth


You had 3 spell levels left.
You didn't know any spells.
Your spell library was empty.

Dungeon Overview and Level Annotations

Branches:
Dungeon (4/15)
 Temple: D:4-7

Altars:
Okawaru


Message History

You hit the worm. The worm bites you!
You take 7 damage, and have 15/40 hp.
You hit the worm but do no damage. You hit the worm but do no damage.
The worm barely misses you.
You barely miss the worm. You hit the worm. The worm closely misses you.
You hit the worm.
You kill the worm!
You see here a worm corpse.
You now have 91 gold pieces (gained 14).
o - a scroll labelled IRGHUG LENWEXOU Health restored: 40
There is a stone staircase leading up here.
You see here 4 large rocks.
A ball python comes into view.
The ball python hisses angrily.
A ball python is nearby!
There is an escape hatch in the floor here.
You barely miss the ball python.
The ball python bites you but does no damage.
The ball python closely misses you.
You barely miss the ball python.
The ball python bites you but does no damage.
The ball python barely misses you.
You closely miss the ball python. The ball python closely misses you.
The ball python grabs you. The ball python constricts you.
You hit the ball python.
The ball python bites you but does no damage.
The ball python constricts you.
You closely miss the ball python. The ball python bites you.
The ball python constricts you.
The ball python bites you but does no damage.
The ball python constricts you.
You take 1 damage, and have 39/40 hp.
You closely miss the ball python.
The ball python bites you but does no damage.
The ball python constricts you.
Health restored: 40 You hit the ball python.
You kill the ball python!
A hobgoblin comes into view.
The hobgoblin shouts!
The hobgoblin completely misses you.
You hit the hobgoblin. The hobgoblin closely misses you.
You barely miss the hobgoblin. The hobgoblin closely misses you.
You hit the hobgoblin but do no damage.
The hobgoblin hits you but does no damage.
You hit the hobgoblin.
You kill the hobgoblin!
Found a stone staircase leading up.
Found a stone staircase leading down.
There is a stone staircase leading down here.
You now have 100 gold pieces (gained 9).
Found an iron altar of Okawaru.
A dart slug comes into view.
A dart slug is nearby!
You barely miss the dart slug. You hit the dart slug. The dart slug bites you.
You take 2 damage, and have 38/40 hp.
You slash the dart slug! The dart slug closely misses you.
You hit the dart slug. The dart slug closely misses you.
You hit the dart slug.
You kill the dart slug!
You see here a dart slug corpse.
Health restored: 41 A gnoll comes into view.
It is wielding a +0 flail. 2 gnolls come into view.
The gnoll shouts! x2
A gnoll comes into view. It is wielding a +0 spear.
A gnoll comes into view. It is wielding a +0 spear.
The gnoll shouts!
The gnoll hits you with a +0 halberd. The gnoll closely misses you.
You take 6 damage, and have 35/41 hp.
You slash the gnoll! You hit the gnoll. The gnoll hits you with a +0 halberd.
The gnoll hits you but does no damage. The gnoll hits you with a +0 halberd.
The gnoll hits you with a +0 flail. The gnoll closely misses you.
The gnoll hits you with a +0 flail.
You take 16 damage, and have 19/41 hp.
MASSIVE DAMAGE!!
Okay, then.
You barely miss the gnoll. You hit the gnoll. You barely miss the gnoll.
The gnoll completely misses you. The gnoll closely misses you.
The gnoll hits you with a +0 flail.
The gnoll hits you from afar with a +0 spear.
You take 4 damage, and have 15/41 hp.
You closely miss the gnoll. You hit the gnoll but do no damage.
You completely miss the gnoll. The gnoll hits you with a +0 halberd!
* * * LOW HITPOINT WARNING * * *
The gnoll hits you with a +0 flail.
* * * LOW HITPOINT WARNING * * *
The gnoll barely misses you.
The gnoll hits you but does no damage. x2
You take 11 damage, and have 4/41 hp.
MASSIVE DAMAGE!!
You closely miss the gnoll. You barely miss the gnoll. You hit the gnoll.
The gnoll barely misses you. x2
The gnoll hits you from afar with a +0 spear.
* * * LOW HITPOINT WARNING * * *
The gnoll hits you with a +0 flail!
You die...

#.# #........#.
#.# #........#.
#.# #........#.
###.####........#.
#...........[.....
#.#######..>....#.
#.# #...........
♣.♣ #.##.#.#.##.
♣@♣ ##.###.......


♣ggg♣ #...........# ♣.gg♣ ##.####.###.# ..... ### #...... ♣)..♣.♣ #####.###.#
..♣[... #......##.# ...[....) #####..##.# ♣.###+###.♣####...##.# #.......#.# You
could see 5 gnolls.

Vanquished Creatures
  Ijyb (D:3)
  A worm (D:3)
  2 dart slugs
  3 orcs (D:3)
  3 ball pythons
  2 endoplasms
  3 hobgoblins
  3 jackals (D:3)
  A kobold (D:1)
  2 bats (D:1)
  A frilled lizard (D:3)
  8 goblins
  2 rats (D:3)
32 creatures vanquished.

Notes
Turn   | Place    | Note
-------+----------+-------------------------------------------
     0 | D:1      | Firecrotchwizard the Hill Orc Monk began the quest for the
                  | Orb.
     0 | D:1      | Reached XP level 1. HP: 19/19 MP: 1/1
    55 | D:1      | Reached XP level 2. HP: 22/27 MP: 2/2
   197 | D:3      | HP: 2/27 [orc/+0 flail (5)]
   202 | D:3      | HP: 1/27 [orc/+0 flail (1)]
   204 | D:3      | Reached skill level 1 in Armour
   382 | D:3      | Reached skill level 4 in Fighting
   389 | D:3      | Reached XP level 3. HP: 29/33 MP: 3/3
   416 | D:3      | Noticed Ijyb
   430 | D:3      | Killed Ijyb
   431 | D:3      | Reached skill level 5 in Axes
   527 | D:3      | Reached XP level 4. HP: 40/40 MP: 4/4
   591 | D:3      | You fall into a shaft and drop 1 floor!
   969 | D:3      | Found an iron altar of Okawaru.
  1055 | D:3      | HP: 6/41 [gnoll/+0 halberd (9)]
  1056 | D:3      | HP: 2/41 [gnoll/+0 spear (3)]
  1056 | D:3      | Mangled by a gnoll

Illustrated notes

Levels and vault maps discovered:
D:1:      ebering_hopf_link, layout_rooms
D:2:      layout_rooms, uniq_jessica, uniq_natasha
D:3:      kennysheep_goblin_castle, layout_loops_ring,
          okawaru_metal_pillars_1_2, pf_guarded_unrand_woodcutter
D:4:      layout_gridville

Skill      XL: |  1  2  3 |
---------------+----------+-----
Armour         | 1 |  1.7
Fighting       | 4 |  4.3
Axes           | 5 |  5.4
Dodging        | |  2.4
Stealth        | |  1.5

Action                     |  1- 3 |  4- 6 || total
---------------------------+-------+-------++-------
  Melee: Hand axe          |    83 |    40 ||   123
         Punch             |     2 |       ||     2
         Unarmed           |     6 |       ||     6
  Throw: Stone             |    10 |       ||    10
 Armour: Robe              |     3 |       ||     3
         Scale mail        |    18 |    10 ||    28
         Leather armour    |     8 |       ||     8
         Skin              |     4 |       ||     4
  Dodge: Dodged            |    71 |    21 ||    92

Table legend: (Time is in decaauts)
 A = Elapsed time spent in this place.
 B = Non-inter-level travel time spent in this place.
 C = Inter-level travel time spent in this place.
 D = Time resting spent in this place.
 E = Time spent auto-exploring this place.
 F = Levels seen in this place.
 G = Mean time per level.
                   A        B        C        D        E       F      G
               +--------+--------+--------+--------+--------+-----+--------+
         Total |   1064 |   1064 |      0 |    107 |    561 |   4 |  266.0 |
       Dungeon |   1064 |   1064 |      0 |    107 |    561 |   4 |  266.0 |
               +--------+--------+--------+--------+--------+-----+--------+

Top non-repeatable levels by time:
     D:3: 892 daAuts
     D:2: 76 daAuts
     D:1: 74 daAuts
     D:4: 19 daAuts

Table legend:
 A = Kills in this place as a percentage of kills in the entire game.
 B = Kills by you in this place as a percentage of kills by you in the entire game.
 C = Kills by friends in this place as a percentage of kills by friends in the entire game.
 D = Other kills in this place as a percentage of other kills in the entire game.
 E = Experience gained in this place as a percentage of experience gained in the entire game.
 F = Experience gained in this place divided by the number of levels of this place that you have seen.
                   A       B       C       D       E      F
               +-------+-------+-------+-------+-------+----------------------
         Total | 100.0 | 100.0 |   N/A |   N/A | 100.0 |  25.2
       Dungeon | 100.0 | 100.0 |   N/A |   N/A | 100.0 |  25.2
               +-------+-------+-------+-------+-------+----------------------
